Map: Daybreak LE (Void)

Players

Musumeci

  • Race: Zerg Zerg
  • League: Diamond
  • Spawn Location: 1:00

cyper - Winner!

  • Race: Zerg Zerg
  • League: Diamond
  • Spawn Location: 7:00

VOD

Have the link to the VOD?

Description

Time

  • Played on: Jan. 10, 2017, 8:08 a.m.
  • Length: 8:34
Show
View Real Time Build Order
Export as new Build Order

Musumeci Zerg 

Build Orders: Hatch First 

Get SALT Encoding   

  12  0:01  Drone  
  13  0:08  Drone  
  14  0:14  Drone, Extractor  
  15  0:40  Hatchery  
  14  0:43  Extractor  
  14  0:45  Drone  
  15  1:05  Spawning Pool  
  15  1:08  Extractor  
  15  1:09  Drone  
  14  1:12  Extractor  
  14  1:15  Drone  
  15  1:19  Overlord  
  15  1:29  Evolution Chamber  
  14  1:37  Drone  
  14  1:38  Drone  
  16  1:41  Drone  
  17  1:53  Queen  
  19  1:59  Drone  
  20  2:08  Zergling x2  
  20  2:11  Metabolic Boost  
  20  2:14  Drone  
  22  2:17  Drone  
  23  2:24  Drone  
  23  2:27  Zergling x2  
  25  2:35  Queen  
  27  2:39  Drone  
  28  2:53  Baneling Nest  
  28  2:55  Drone  
  28  3:04  Overlord  
  28  3:24  Zergling x14  
  33  3:42  Zergling x4  
  33  3:43  Zergling x6  
  32  3:51  Zergling x8  
  33  3:59  Queen  
  33  4:01  Baneling x2  
  33  4:03  Baneling  
  33  4:05  Zergling x4  
  35  4:16  Evolution Chamber  
  34  4:18  Queen  
  36  4:28  Overlord  
  36  4:42  Zerg Ground Armor Level 1  
  36  4:43  Baneling x2  
  36  4:44  Baneling  
  36  4:51  Drone x2  
  35  5:07  Baneling  
  35  5:08  Baneling x2  
  35  5:16  Baneling x3, Zergling x16  
  27  5:45  Zergling x10  
  26  5:51  Drone x4  
  26  5:55  Zergling x6  
  28  6:05  Drone x2  
  28  6:07  Baneling x2  
  28  6:10  Drone  
  31  6:16  Drone  
  32  6:27  Drone x4  
  36  6:40  Baneling x2  
  36  7:06  Zergling x2  
  36  7:07  Zergling x14  
  43  7:10  Baneling x2  
  39  7:28  Zergling x4  
  39  7:29  Zergling x8  
  43  7:35  Zergling x2  
  43  7:43  Overlord  
  43  8:08  Zergling x12  
  43  8:09  Zergling x4  
Show
View Real Time Build Order
Export as new Build Order

cyper Zerg - Winner!

Build Orders: Hatch First, Zergling Baneling 

Get SALT Encoding   

  12  0:00  Drone  
  13  0:12  Overlord  
  13  0:20  Drone  
  14  0:31  Drone x2  
  14  0:34  Drone  
  17  0:53  Hatchery  
  17  0:56  Drone  
  17  0:59  Drone  
  18  1:10  Extractor  
  17  1:16  Spawning Pool  
  17  1:17  Drone  
  17  1:21  Drone  
  18  1:36  Drone  
  18  1:38  Overlord  
  19  2:03  Queen  
  19  2:04  Zergling x4  
  19  2:05  Queen  
  19  2:06  Zergling x2  
  26  2:14  Metabolic Boost  
  26  2:17  Zergling x4  
  28  2:23  Overlord  
  28  2:38  Zergling x2  
  28  2:39  Zergling x4  
  31  2:52  Baneling Nest  
  30  3:00  Zergling x8  
  34  3:07  Overlord  
  34  3:12  Drone x3  
  37  3:15  Drone  
  36  3:43  Zergling x12  
  36  3:44  Zergling x4  
  39  3:52  Zergling x2  
  39  3:53  Zergling x4  
  39  3:59  Zergling x6  
  42  4:03  Zergling x2  
  43  4:12  Baneling x4  
  43  4:14  Baneling  
  43  4:15  Baneling x5  
  43  4:17  Zergling x2  
  43  4:20  Zergling x2  
  43  4:23  Zergling x2  
  46  4:26  Zergling x2  
  47  4:36  Zergling x6  
  47  4:37  Zergling x2  
  51  4:43  Overlord  
  30  5:51  Zergling x4  
  30  5:52  Zergling x2  
  30  5:54  Zergling x12  
  30  5:55  Roach Warren  
  34  6:08  Zergling x4  
  36  6:16  Baneling x3  
  36  6:17  Baneling  
  36  6:19  Drone x2  
  36  6:24  Zergling x6  
  41  6:43  Roach x2  
  41  6:44  Roach x4  
  53  6:52  Roach x3, Extractor  
  53  6:53  Roach  
  58  7:09  Roach  
  58  7:10  Overlord x2  
  58  7:11  Overlord  
  55  7:19  Roach  
  55  7:20  Lair  
  57  7:27  Roach  
  59  7:33  Roach  
  59  7:37  Drone  
  59  7:38  Drone x5  
  65  7:48  Roach  
  67  7:54  Baneling x3  
  67  7:56  Hatchery  
  65  8:08  Roach x3  
Tags
 
Add a new tag
Caveats
  • Supply blocks, unpowered buildings, or Contaminate may cause inaccurate times.
  • Supply counts are checked every 10 seconds.